 Dungeon Crawl Stone Soup version 0.31-a0-208-gdb31a4691d (webtiles) character file.

Game seed: 4471250771856131279

2806 senseless the Covert (level 9, 0/62 HPs)
             Began as an Octopode Gladiator on June 28, 2023.
             Was a High Priest of Cheibriados.
             Slain by an orc warrior
             ... wielding a +0 glaive
              (19 damage)
             ... in a bailey.
             The game lasted 00:17:03 (5606 turns).

senseless the Covert (Octopode Gladiator)           Turns: 5606, Time: 00:17:04

Health: 0/62       AC:  5    Str: 25    XL:     9   Next: 72%
Magic:  17/21      EV: 19    Int: 21    God:    Cheibriados [*****.]
Gold:   367        SH:  0    Dex: 28    Spells: 8/8 levels left

rFire   . . .        k - +2 dagger (elec)
rCold   . . .        (no shield)
rNeg    . . .        b - +0 hat
rPois   .            u - amulet of regeneration
rElec   .            g - ring of wizardry
rCorr   .            q - ring of magical power
SInv    .            t - +4 ring of protection
Will    .....        (no ring)
Stlth   ++++++       (no ring)
HPRegen 1.10/turn    (no ring)
MPRegen 0.17/turn    (no ring)
                     (no ring)

%: wizardry (x1)
@: very slow
A: almost no armour, amphibious, 8 rings, camouflage 1, gelatinous body 1,
(nimble swimmer 1), tentacles
a: Renounce Religion, Bend Time, Temporal Distortion, Slouch, Step From Time


You were in a bailey.
You worshipped Cheibriados.
Cheibriados was extremely pleased with you.
You visited 1 branch of the dungeon, and saw 7 of its levels.
You also visited: Sewer and Bailey.

You collected 487 gold pieces.
You spent 120 gold pieces at shops.

Inventory:

Hand Weapons
 a - a +0 rapier
 k - a +2 dagger of electrocution (weapon)
Missiles
 c - 5 throwing nets (quivered)
 d - 7 javelins
 l - 31 poisoned darts
Armour
 b - a +0 hat (worn)
Jewellery
 g - a ring of wizardry (left tentacle)
 q - a ring of magical power (right tentacle)
 t - a +4 ring of protection (on tentacle)
 u - an amulet of regeneration (around mantle)
Scrolls
 j - 2 scrolls of blinking
 m - 3 scrolls of revelation
 n - 3 scrolls of identify
 o - a scroll of fear
 r - 6 scrolls of teleportation
 s - a scroll of summoning
 w - a scroll of amnesia
 x - a scroll of fog
 y - a scroll of poison
Potions
 e - 6 potions of enlightenment
 f - 7 potions of curing
 h - a potion of cancellation
 i - a potion of brilliance
 p - a potion of berserk rage
 v - a potion of lignification
 z - a potion of attraction


   Skills:
 * Level 6.2 Fighting
 * Level 6.6 Short Blades
 + Level 4.2 Throwing
 * Level 6.6 Dodging
 * Level 8.1 Stealth
 + Level 4.0 Invocations


You had 8 spell levels left.
You didn't know any spells.
Your spell library contained the following spells:

 Spells                   Type           Power      Damage    Failure   Level
 Magic Dart               Conj           0%         1d3       8%          1
 Slow                     Hex            0%         N/A       8%          1
 Call Imp                 Summ           0%         N/A       11%         2
 Confusing Touch          Hex            0%         N/A       21%         3
 Dazzling Flash           Conj/Hex       0%         N/A       21%         3
 Hailstorm                Conj/Ice       0%         3d3       21%         3
 Ignite Poison            Fire/Tmut/Pois 0%         N/A       21%         3
 Mephitic Cloud           Conj/Pois/Air  0%         N/A       21%         3
 Vampiric Draining        Necr           0%         2d6       21%         3
 Ice Form                 Ice/Tmut       0%         N/A       54%         4
 Yara's Violent Unravell  Hex/Tmut       0%         3d3       86%         5
 Simulacrum               Ice/Necr       0%         N/A       100%        6
 Fire Storm               Conj/Fire      0%         5d1       100%        9


Dungeon Overview and Level Annotations

Branches:
Dungeon (7/15)             Temple (0/1) D:4           Sewer (visited)
 Bailey (1/1)

Altars:
Cheibriados
Kikubaaqudgha
Nemelex Xobeh
Sif Muna
Vehumet
The Shining One

Shops:
D:5 [   D:6 !   D:7 (


Innate Abilities, Weirdness & Mutations

You cannot wear most types of armour.
You are amphibious.
You can wear up to eight rings at the same time.
Your skin changes colour to match your surroundings (Stealth+).
Your rubbery body absorbs attacks. (AC +1, EV +1)
((You are camouflaged when in or above water. (Stealth+)))
You have tentacles for arms and can constrict up to eight enemies at once.


Message History

You hit the orc warrior.
The orc warrior is almost dead.
You constrict the orc warrior.
You kill the orc warrior!
Cheibriados thoroughly appreciates the change of pace.
The orc splashes around in the water.
The orc warrior hits you from afar with a +0 glaive!!
Activating: Slouch (26% risk of failure)
Press: ? - help, Dir - look around, f - activate You can feel time thicken for a moment.
You kill the orc!
Cheibriados thoroughly appreciates the change of pace.
Cheibriados lowers the support of your attributes as your movement quickens.
The orc splashes around in the water.
The orc warrior barely misses you.
You are too injured to fight recklessly!
An orc comes into view. It is wielding a +0 trident.
The orc warrior closely misses you. The orc misses you.
The orc warrior hits you from afar with a +0 glaive.
The orc warrior hits you with a +0 spear.
The orc misses you.
You barely miss the orc warrior. You grab the orc warrior.
The orc warrior is heavily wounded.
You constrict the orc warrior, but do no damage.
The orc warrior hits you from afar with a +0 glaive!
* * * LOW HITPOINT WARNING * * *
The orc warrior struggles to escape constriction.
You hit the orc warrior.
You squeeze the orc warrior, but do no damage.
The orc warrior is heavily wounded.
You constrict the orc warrior. The orc misses you. The orc closely misses you.
The orc warrior closely misses you.
You hit the orc warrior.
The orc warrior is severely wounded.
You constrict the orc warrior. The orc warrior misses you.
The orc barely misses you. The orc misses you.
You hit the orc warrior but do no damage.
The orc warrior is almost dead.
You constrict the orc warrior.
The orc warrior hits you from afar with a +0 glaive!!
You die...

#### ##∩∩#
#..## ##..#
.######.)##
...o.oo@..#
~~~~~~o~~.#
........o.#
#######.~.#
$$. #.~.#
.$. ..~.#
##. .~~.#
#+ .~~.∩#


You could see 2 orc warriors and 3 orcs.

Vanquished Creatures
  Maggie (D:7)
  Eustachio (D:6)
  A basilisk (D:6)
  Menkaure (D:4)
  4 orc warriors
  2 sky beasts (D:6)
  A black bear (D:6)
  An ogre (D:5)
  2 centaurs
  2 bullfrogs (D:6)
  3 scorpions
  Crazy Yiuf (D:6)
  5 orc priests
  2 jellies (D:6)
  6 hounds
  2 iguanas
  4 orc wizards
  4 gnolls (D:4)
  11 adders
  5 river rats
  A white imp (D:6)
  A worm (D:2)
  3 dart slugs
  35 orcs
  6 endoplasms
  3 giant cockroaches
  11 goblins
  8 hobgoblins
  2 jackals (Sewer)
  7 kobolds
  7 quokkas
  10 ball pythons
  12 bats
  4 frilled lizards
  4 rats
173 creatures vanquished.

Vanquished Creatures (others)
  A human (D:6)
1 creature vanquished.

Grand Total: 174 creatures vanquished

Notes
Turn   | Place    | Note
-------+----------+-------------------------------------------
     0 | D:1      | senseless the Octopode Gladiator began the quest for the
                  | Orb.
     0 | D:1      | Reached XP level 1. HP: 14/14 MP: 1/1
    71 | D:1      | Found a faded altar of an unknown god.
    75 | D:1      | Prayed at the altar of an unknown god.
    75 | D:1      | Became a worshipper of Cheibriados the Contemplative
    75 | D:1      | Reached * piety under Cheibriados
   201 | D:1      | Reached skill level 1 in Stealth
   201 | D:1      | Reached XP level 2. HP: 15/19 MP: 2/2
   321 | D:1      | Got Sif Muna's Incunabulum of Weird Lava
   628 | D:2      | Reached ** piety under Cheibriados
   745 | D:2      | Reached XP level 3. HP: 25/25 MP: 3/3
  1469 | D:3      | Found a glowing drain.
  1486 | D:3      | Reached XP level 4. HP: 23/30 MP: 4/4
  1488 | D:3      | Reached skill level 2 in Stealth
  1526 | Sewer    | Entered a sewer
  1550 | Sewer    | Reached *** piety under Cheibriados
  1802 | Sewer    | Reached skill level 1 in Invocations
  1802 | Sewer    | Reached XP level 5. HP: 27/36 MP: 5/5
  1804 | Sewer    | Reached **** piety under Cheibriados
  2284 | D:3      | Found a radiant altar of Vehumet.
  2350 | D:3      | Reached skill level 3 in Stealth
  2350 | D:3      | Reached XP level 6. HP: 19/42 MP: 5/7
  2626 | D:3      | Found a glowing golden altar of the Shining One.
  3004 | D:4      | Noticed Menkaure
  3013 | D:4      | Killed Menkaure
  3014 | D:4      | Reached skill level 4 in Stealth
  3014 | D:4      | Reached XP level 7. HP: 26/47 MP: 8/8
  3129 | D:4      | Found a staircase to the Ecumenical Temple.
  3248 | D:4      | Found a sparkling altar of Nemelex Xobeh.
  3282 | D:4      | Found a shimmering blue altar of Sif Muna.
  3488 | D:4      | Identified the +2 ring mail of the Baker {rPois Will+ MP+9
                  | Str-2}
  3616 | D:5      | Entered Level 5 of the Dungeon
  3670 | D:5      | Reached ***** piety under Cheibriados
  3750 | D:5      | Reached skill level 5 in Stealth
  3889 | D:5      | Reached skill level 5 in Short Blades
  3889 | D:5      | Reached skill level 5 in Dodging
  3889 | D:5      | Reached XP level 8. HP: 54/54 MP: 9/9
  4151 | D:5      | Found Luerypabb's Armour Shop.
  4556 | D:6      | Reached skill level 6 in Stealth
  4678 | D:6      | Reached skill level 5 in Fighting
  4849 | D:6      | Found a runed translucent door.
  4850 | D:6      | Noticed Crazy Yiuf
  4912 | D:6      | Found Jeunwur's Distillery.
  4918 | D:6      | Reached XP level 9. HP: 61/61 MP: 11/11
  4924 | D:6      | Bought a potion of curing for 30 gold pieces
  4924 | D:6      | Bought a potion of curing for 30 gold pieces
  4924 | D:6      | Bought a potion of lignification for 30 gold pieces
  4924 | D:6      | Bought a potion of curing for 30 gold pieces
  4953 | D:6      | Reached skill level 7 in Stealth
  4968 | D:6      | Found an ancient bone altar of Kikubaaqudgha.
  5009 | D:6      | Found a runed translucent door.
  5212 | D:6      | Noticed Eustachio
  5223 | D:6      | Killed Eustachio
  5371 | D:6      | Killed Crazy Yiuf
  5405 | D:7      | Noticed Maggie
  5416 | D:7      | Killed Maggie
  5417 | D:7      | Reached skill level 8 in Stealth
  5514 | D:7      | Found Coocvut's Antique Weapon Shop.
  5572 | D:7      | Found a flagged portal.
  5589 | Bailey   | Entered a bailey
  5606 | Bailey   | Slain by an orc warrior

Illustrated notes

Levels and vault maps discovered:
D:1:      minmay_arrival_jagged, layout_rooms,
          hellmonk_ecumenical_altar_leap_of_faith, st_stairs_8
D:2:      layout_basic, serial_aquarium, aquarium_bridge_island_small
          [aquarium_subvault_small_water, aquarium_subvault_bridge,
          aquarium_subvault_wall, aquarium_subvault_bridge,
          aquarium_subvault_balcony], aquarium_window_1, aquarium_window_2,
          aquarium_window_corridor_3, aquarium_window_corner, aquarium_view_2b
D:3:      minmay_evil_eye, layout_basic, nicolae_vehumet_altar_sigil,
          nicolae_tso_swordbearing_angel, portal_sewer_entry_b
D:4:      layout_cave_pools, lemuel_round_altar, nemelex_dance_club_becter,
          minmay_temple_entry_antechambers, uniq_menkaure
D:5:      layout_basic, serial_shops, nicolae_shop_peninsula
D:6:      minmay_clustersquares, layout_rooms, tgw_kikubaaqudgha, serial_shops,
          nicolae_shop_statue_plus, lightli_church_of_beogh, uniq_eustachio,
          uniq_crazy_yiuf_cottage
D:7:      minmay_the_grid_octo_triangle [minmay_the_grid_octo_checkerflower,
          minmay_the_grid_octo_prize_square_snowflake,
          minmay_the_grid_octo_fat_diamond], layout_gridville,
          mainiacjoe_overflow_concentric_impassable, serial_shops,
          nicolae_shop_tiny_real_fake_doors, enter_bailey_4, uniq_maggie
Bailey:   bailey_polearm_1, bailey

Skill      XL: |  1  2  3  4  5  6  7  8  9 |
---------------+----------------------------+-----
Stealth        | 1 2 3 4 5 6 8 |  8.1
Fighting       | 3 4 5 6 |  6.2
Invocations    | 1 2 3 4 |  4.0
Dodging        | 4 5 6 |  6.6
Short Blades   | 4 5 6 |  6.6
Throwing       | 3 4 |  4.2

Action                     |  1- 3 |  4- 6 |  7- 9 || total
---------------------------+-------+-------+-------++-------
  Melee: Rapier            |    26 |       |       ||    26
         Constrict         |    21 |    24 |    29 ||    74
         Tentacles         |     6 |    19 |    29 ||    54
         Dagger            |    36 |    95 |   131 ||   262
         Punch             |     1 |     2 |     3 ||     6
 Invoke: Slouch            |       |       |     3 ||     3
    Use: Scroll            |     9 |     5 |     6 ||    20
         Potion            |     1 |     1 |       ||     2
   Stab: Sleeping          |     8 |     6 |    20 ||    34
 Armour: Skin              |     1 |     8 |     6 ||    15
  Dodge: Dodged            |    43 |    75 |   101 ||   219

Table legend: (Time is in decaauts)
 A = Elapsed time spent in this place.
 B = Non-inter-level travel time spent in this place.
 C = Inter-level travel time spent in this place.
 D = Time resting spent in this place.
 E = Time spent auto-exploring this place.
 F = Levels seen in this place.
 G = Mean time per level.
                   A        B        C        D        E       F      G
               +--------+--------+--------+--------+--------+-----+--------+
         Total |   8246 |   7771 |    475 |    128 |   6141 |   9 |  916.2 |
       Dungeon |   7386 |   6911 |    475 |    128 |   5512 |   7 | 1055.1 |
         Sewer |    842 |    842 |      0 |      0 |    629 |   1 |  842.0 |
        Bailey |     17 |     17 |      0 |      0 |      0 |   1 |   17.0 |
               +--------+--------+--------+--------+--------+-----+--------+

Top non-repeatable levels by time:
     D:6: 1769 daAuts
     D:3: 1319 daAuts
     D:5: 1137 daAuts
     D:4: 1130 daAuts
     D:2: 1053 daAuts
   Sewer: 842 daAuts
     D:1: 788 daAuts
     D:7: 187 daAuts
  Bailey: 17 daAuts
